 Dungeon Sprint DCSS version 0.26.1-2-gb8aa6d0cf2 (webtiles) character file.

Game seed: 787000087104291593

512 Groucho the Unseen (level 6, -3/28 HPs)
             Began as a Spriggan Enchanter on Feb 22, 2021.
             Was a Believer of Kikubaaqudgha.
             Slain by a warg (15 damage)
             ... in the Dungeon (Sprint VII: "The Pits").
             The game lasted 00:02:40 (634 turns).

Groucho the Unseen (Spriggan Enchanter)              Turns: 634, Time: 00:02:41

Health: -3/28      AC:  2    Str:  6    XL:     6   Next: 99%
Magic:  6/17       EV: 24    Int: 17    God:    Kikubaaqudgha [**....]
Gold:   0          SH:  0    Dex: 16    Spells: 14/20 levels left

rFire    . . .     SeeInvis +   a - +2 dagger
rCold    . . .     Faith    .   (shield restricted)
rNeg     . . .     Spirit   .   b - +0 robe
rPois    .         Reflect  .   (helmet restricted)
rElec    .         Harm     .   (no cloak)
rCorr    .         Rampage  .   (gloves unavailable)
Will     +....     NoTele   +   (boots unavailable)
Stlth    ++++++....             (no amulet)
HPRegen  0.09/turn              (no ring)
MPRegen  0.15/turn              (no ring)

@: very slightly contaminated, very quick
A: very small, unfitting armour, see invisible, speed 3
a: Renounce Religion, Receive Corpses


You were in the Dungeon.
You worshipped Kikubaaqudgha.
Kikubaaqudgha was pleased with you.
You visited 1 branch

Inventory:

Hand Weapons
 a - a +2 dagger (weapon)
Missiles
 j - 10 stones (quivered)
Armour
 b - a +0 robe (worn)
Scrolls
 i - a scroll of blinking
 k - 3 scrolls of remove curse
 l - 5 scrolls of amnesia
 m - a scroll of summoning
Potions
 c - 2 potions of invisibility
 d - 6 potions of curing
 e - 6 potions of heal wounds
 f - a potion of haste
 g - 4 potions of magic
 h - 3 potions of berserk rage


   Skills:
 - Level 1.1 Short Blades
 + Level 8.4 Dodging
 - Level 15.0 Stealth
 + Level 7.6 Spellcasting
 + Level 7.5 Hexes
 + Level 4.8 Necromancy


You had 14 spell levels left.
You knew the following spells:

 Your Spells              Type           Power        Failure   Level
a - Corona                Hex            35%          1%          1
b - Ensorcelled Hibernat  Hex/Ice        38%          3%          2
c - Confusing Touch       Hex            32%          1%          3

Your spell library contained the following spells:

 Spells                   Type           Power        Failure   Level
 Animate Skeleton         Necr           46%          1%          1
 Pain                     Necr           92%          1%          1
 Tukima's Dance           Hex            32%          1%          3
 Sublimation of Blood     Necr           11%          2%          2
 Vampiric Draining        Necr           11%          4%          3
 Dazzling Flash           Conj/Hex       38%          7%          3


Dungeon Overview and Level Annotations

Branches:
Dungeon (1/1)

Altars:
Ashenzari
Cheibriados
Dithmenos
Elyvilon
Fedhas
Gozag
Hepliaklqana
Kikubaaqudgha
Makhleb
Nemelex Xobeh
Okawaru
Qazlal
Ru
Sif Muna
Trog
Uskayaw
Vehumet
Wu Jian
Xom
Yredelemnul
Zin
The Shining One
Beogh
Jiyva
Lugonu


Innate Abilities, Weirdness & Mutations

You are very small and have problems with some larger weapons.
You are too small for most types of armour.
You have supernaturally acute eyesight. (SInv)
You cover ground extremely quickly.


Message History

Casting: Ensorcelled Hibernation (safe; 3% risk of failure)
Confirm with . or Enter, or press ? or * to list all spells.
Aiming: Ensorcelled Hibernation (safe; 3% risk of failure)
Press: ? - help, Shift-Dir - straight line, f/p - orc priest
Aim: an orc priest, wielding a +0 whip (chance to affect: 50%)
The orc priest resists with some effort.
Casting: Ensorcelled Hibernation (safe; 3% risk of failure)
Confirm with . or Enter, or press ? or * to list all spells.
Aiming: Ensorcelled Hibernation (safe; 3% risk of failure)
Press: ? - help, Shift-Dir - straight line, f/p - orc priest
Aim: an orc priest, wielding a +0 whip (chance to affect: 50%)
The orc priest looks drowsy...
The helpless orc priest fails to defend itself.
You stick the orc priest like a pincushion!!!
You kill the orc priest!
Kikubaaqudgha accepts your kill. The warg bites you!
Ouch! That really hurt!
You die...
Kikubaaqudgha rasps: "You have failed me!
Welcome... death!"

##########.##.....
#...........'.....
#'#####'#####.....
#.#...#)#..##.....
#.#...#รท#))#####'#
#.#...'.#))##.....
#.##'####))##.....
#.#.....#[[##.....
#@#.....#'###...<.
#h#......).##.....
#S#........##.....
#'###########.....
#co...S.# ######
#ho#h#..# #.## #
#.. #.#


You could see a warg, a water moccasin, a black bear, a centaur, an orc wizard
and an orc.

Vanquished Creatures
  A deep elf mage (D)
  A floating eye (D)
  An orc priest (D)
  An adder (D)
  An ufetubus (D)
  An ooze (D)
  An adder skeleton (D)
  A goblin (D)
  A kobold (D)
  A bat (D)
10 creatures vanquished.

Notes
Turn   | Place    | Note
-------+----------+-------------------------------------------
     0 | D        | Groucho the Spriggan Enchanter began the quest for the Orb.
     0 | D        | Reached XP level 1. HP: 9/9 MP: 5/5
     8 | D        | Noticed a floating eye
    11 | D        | Killed a floating eye
    12 | D        | Reached skill level 13 in Stealth
    12 | D        | Reached XP level 2. HP: 13/13 MP: 6/6
    12 | D        | Reached XP level 3. HP: 16/16 MP: 8/8
    12 | D        | Reached XP level 4. HP: 21/21 MP: 9/9
    39 | D        | Found a bloodstained altar of Trog.
    39 | D        | Found a shimmering blue altar of Sif Muna.
    39 | D        | Found a viscous altar of Jiyva.
    39 | D        | Found a hazy altar of Hepliaklqana.
    39 | D        | Found an opulent altar of Gozag.
    40 | D        | Found a glowing golden altar of the Shining One.
    40 | D        | Found a glowing silver altar of Zin.
    40 | D        | Found a basalt altar of Yredelemnul.
    40 | D        | Found a shimmering altar of Xom.
    40 | D        | Found an ornate altar of the Wu Jian Council.
    40 | D        | Found a sacrificial altar of Ru.
    40 | D        | Found a stormy altar of Qazlal.
    40 | D        | Found an iron altar of Okawaru.
    40 | D        | Found a sparkling altar of Nemelex Xobeh.
    40 | D        | Found a burning altar of Makhleb.
    40 | D        | Found a blossoming altar of Fedhas.
    40 | D        | Found a white marble altar of Elyvilon.
    40 | D        | Found a shadowy altar of Dithmenos.
    40 | D        | Found a snail-covered altar of Cheibriados.
    41 | D        | Found a radiant altar of Vehumet.
    41 | D        | Found a corrupted altar of Lugonu.
    41 | D        | Found a roughly hewn altar of Beogh.
    42 | D        | Found a hide-covered altar of Uskayaw.
    42 | D        | Found an ancient bone altar of Kikubaaqudgha.
    42 | D        | Found a broken altar of Ashenzari.
    50 | D        | Became a worshipper of Kikubaaqudgha
    75 | D        | Learned a level 2 spell: Ensorcelled Hibernation
    79 | D        | Learned a level 3 spell: Confusing Touch
    80 | D        | Reached * piety under Kikubaaqudgha
    80 | D        | Identified Kikubaaqudgha's Papyrus of Necromancy
                  | (Kikubaaqudgha gifted it to you in the Dungeon)
    80 | D        | Received a gift from Kikubaaqudgha
    89 | D        | Noticed a deep elf mage
   101 | D        | Reached ** piety under Kikubaaqudgha
   102 | D        | Reached skill level 1 in Necromancy
   335 | D        | Reached skill level 14 in Stealth
   342 | D        | Killed a deep elf mage
   343 | D        | Reached skill level 15 in Stealth
   343 | D        | Reached XP level 5. HP: 24/24 MP: 8/16
   343 | D        | Reached XP level 6. HP: 28/28 MP: 8/17
   622 | D        | Noticed a water moccasin
   623 | D        | Noticed a warg
   634 | D        | Slain by a warg

Illustrated notes

Levels and vault maps discovered:
D:        pitsprint [storerooms_1, entrance_room_1, metal_vault_3, armoury_2,
          mini_pit_1, grid_room_1, main_hall_1, silver_pit, the_coven_2,
          the_vestibule_1, steel_vault_2, golden_pit, hallway_of_sentries,
          crystal_vault_1, iron_vault_1, final_vault]

Skill      XL: |  1  2  3  4 |
---------------+-------------+-----
Stealth        | 13 15 | 15.0
Spellcasting   | 7 |  7.6
Hexes          | 7 |  7.5
Necromancy     | 4 |  4.8
Dodging        | 8 |  8.4
Short Blades   | |  1.1

Action                   |  1- 3 |  4- 6 || total
-------------------------+-------+-------++-------
Melee: Dagger            |     1 |    16 ||    17
 Cast: Ensorcelled Hiber |       |     7 ||     7
       Confusing Touch   |       |     2 ||     2
 Stab: Sleeping          |     1 |     7 ||     8
       Confused          |       |     2 ||     2
Dodge: Dodged            |       |     4 ||     4
